[Event "10th Floripa Open 2024"]
[Site "Florianopolis"]
[Date "2024.01.25"]
[Round "6.2"]
[White "Fier, Alexandr"]
[Black "Molina, Roberto Junio Brito"]
[Result "1-0"]
[ECO "B12"]
[WhiteElo "2549"]
[BlackElo "2381"]
[Annotator "TA"]
[PlyCount "57"]
[EventDate "2024.01.10"]
[EventType "swiss"]
[EventCountry "BRA"]
[SourceTitle "playchess.com"]
[Source "ChessBase"]
[SourceQuality "1"]
[TimeControl "5400+30"]

1. e4 c6 2. d4 d5 3. e5 Bf5 4. h4 h6 5. g4 Bd7 6. Be3 Qb6 7. Nd2 e6 8. Nb3 {[%emt 0:00:00] White is slightly better.} h5 9. gxh5 Nh6 10. Bh3 Na6 11. Nf3 c5 (11... Nf5 $14) 12. dxc5 $16 Nxc5 13. Rg1 {[%emt 0:00:00] White is more active.} Qb4+ 14. c3 Qe4 {[%emt 0:03:31] [#]} 15. Nxc5 Bxc5 16. Qe2 $36 {[%emt 0:00:00][%mdl 2048] White is in control.} Bxe3 ({Better is} 16... Bf8) 17. fxe3 Qa4 (17... Rg8 {was worth a try.} 18. O-O-O Qc4 19. Qxc4 dxc4) 18. Rxg7 $18 O-O-O 19. Nd4 Kb8 20. a3 Rc8 21. Kd2 Qa5 22. Rf1 Rc4 $2 (22... Qb6) 23. Rf6 {[%emt 0:00:00] White is clearly winning.} Qc7 24. Qh2 Rc8 {[%emt 0:04:36][%cal Rc4c3] [#] Strongly threatening ...Rxc3!} 25. Ke1 (25. Rxh6 Rxc3 26. Rg2 (26. bxc3 $2 {loses.} Qxc3+ 27. Ke2 Qb2+ 28. Kf3 Qxh2 $19) 26... Bb5 27. Nxb5 (27. bxc3 $2 {gets mated.} Qxc3+ 28. Kd1 Qc1#) 27... Rc2+ 28. Ke1 Rc1+ 29. Kf2 Qc2+ 30. Kg3 Qe4 $11) 25... Rh8 26. Qf4 Qd8 27. Qg5 Rc8 28. Kf2 Qb6 29. b4 {[%emt 0:00:00] White took control after the opening.   Weighted Error Value: White=0.02 (flawless) /Black=0.44.  Mistake:       	---       	Black=4      Inaccurate:     	---       	Black=2      OK:         	White=11    	Black=1      Best:        	White=4     	---} 1-0

[Event "10th Floripa Open 2024"]
[Site "Florianopolis"]
[Date "2024.01.25"]
[Round "6.3"]
[White "Gemy, Jose Daniel"]
[Black "El Debs, Felipe de Cresce"]
[Result "0-1"]
[ECO "D37"]
[WhiteElo "2329"]
[BlackElo "2527"]
[Annotator "TA"]
[PlyCount "120"]
[EventDate "2024.01.10"]
[EventType "swiss"]
[EventCountry "BRA"]
[SourceTitle "playchess.com"]
[Source "ChessBase"]
[SourceQuality "1"]
[TimeControl "5400+30"]

1. Nf3 d5 2. d4 Nf6 3. c4 e6 4. Nc3 Nbd7 5. e3 a6 6. cxd5 exd5 7. Bd3 {[%emt 0:00:05] D37: Queen's Gambit Declined: 5 Bf4.} Bd6 8. O-O O-O 9. b3 {[%emt 0:00:10] The position is equal.} Re8 10. Bb2 c6 11. Qc2 Nf8 {[%emt 0:09:24] [#]} 12. Rae1 $146 ({Predecessor:} 12. e4 dxe4 13. Nxe4 Nd5 14. Nxd6 Qxd6 15. Ng5 Qh6 16. Bc1 Qh5 17. Bd2 h6 18. Ne4 {1-0 Pershin,D (2393)-Lobanov,S (2482) St Petersburg-ch 91st 2018 (1)}) 12... Bg4 13. Nd2 Bh5 14. h3 Bg6 15. f4 Bxd3 16. Qxd3 Bb4 17. a3 Bxc3 18. Bxc3 N8d7 19. Nf3 Ne4 20. Kh2 Re6 21. Re2 Qb6 22. Be1 Rae8 23. Ne5 (23. g4 $15) 23... Nxe5 $17 24. fxe5 f6 25. exf6 Qc7+ 26. Kg1 Rxf6 (26... Rf8 {is more complex.} 27. b4 Rexf6 28. Rxf6 Rxf6 29. a4 h6) 27. Rxf6 Nxf6 28. Rf2 {[%emt 0:01:18] [#]} (28. a4 $15) 28... Qe7 $1 $19 29. Rf3 Qxa3 30. Bg3 Ne4 31. Be5 (31. Qd1 $142) 31... Rf8 32. Qf1 Ng5 33. Rf5 Ne6 34. Qf3 {[%emt 0:02:35] This costs White the game.} (34. Qd3 $17) 34... Qxb3 35. Kh2 Qa3 36. Qg4 {[%emt 0:01:19] [#] aiming for Rxf8+.} Rxf5 (36... Qxe3 37. Rxf8+ Kxf8 38. Qxe6 $18) 37. Qxf5 {[%emt 0:00:05][%mdl 4096] Endgame KQB-KQN} Qe7 38. Qb1 Nf8 39. Qf5 Nd7 40. Bg3 a5 41. Qf4 Nf6 42. Qb8+ Kf7 43. Bd6 Qd7 ({Weaker is} 43... Qxe3 44. Qxb7+ Kg6 45. Qb1+ Qe4 46. Qd1 $17) ({But not} 43... Nd7 $2 44. Qc7 Qe6 45. Bf4 $19) 44. Qf8+ Kg6 45. Be5 Qe8 {[%emt 0:02:20] Prevents Qa8} 46. Qa3 Qd8 47. Qb2 (47. Qc5 {is the only way for White.}) 47... Qe7 48. Qa2 Qb4 {[%emt 0:02:05] Strongly threatening ...Ne4.} 49. Qc2+ (49. Qf2 a4 50. Qg3+ Kf7 51. Bd6) 49... Kf7 {[%emt 0:00:19] ...a4 is the strong threat.} 50. Qf5 a4 51. Bxf6 gxf6 52. Qxh7+ {[%emt 0:00:11] KQ-KQ} Ke6 {[%emt 0:00:13] Hoping for ...a3.} 53. Qg8+ (53. Kh1 $142 a3 54. Qc7) 53... Kd7 {[%emt 0:00:06] ( -> ...a3)} 54. Qg4+ Kc7 {[%emt 0:00:11] Black mates.} 55. Qg7+ Kb6 56. Qxf6 a3 57. Qf2 Qb2 58. Qf8 a2 {[%emt 0:00:37] Active counter play!} 59. Qd8+ Kb5 60. Qa8 b6 {[%emt 0:00:21] Weighted Error Value: White=0.45/Black=0.15 (very precise)} ({And not} 60... a1=B 61. Qxb7+ Kc4 62. Qxc6+ Kd3 63. Qxd5 $11) 0-1

[Event "10th Floripa Open 2024"]
[Site "Florianopolis"]
[Date "2024.01.25"]
[Round "6.4"]
[White "Cuenca Jimenez, Jose Fernando"]
[Black "Roselli Mailhe, Bernardo"]
[Result "1-0"]
[ECO "E90"]
[WhiteElo "2514"]
[BlackElo "2364"]
[Annotator "TA"]
[PlyCount "121"]
[EventDate "2024.01.10"]
[EventType "swiss"]
[EventCountry "BRA"]
[SourceTitle "playchess.com"]
[Source "ChessBase"]
[SourceQuality "1"]
[TimeControl "5400+30"]

1. d4 Nf6 2. c4 g6 3. Nc3 Bg7 4. e4 d6 5. h3 O-O 6. Be3 c6 7. Nf3 Na6 {[%emt 0:01:28] is currently scoring better than 7...a6. E90: King's Indian: Classical: Early deviations and 6 h3.} 8. Nd2 e5 9. d5 Bd7 {[%emt 0:00:40] The position is equal.} 10. g4 Nc7 {[%emt 0:05:15] [#]} 11. Bd3 $146 (11. Rc1 $14) ({Predecessor:} 11. Be2 cxd5 12. cxd5 b5 13. a3 a5 14. b4 h5 15. bxa5 Rxa5 16. gxh5 Nxh5 17. Bxh5 gxh5 {1-0 Babujian,L (2512)-Ipatov,A (2635) Al Ain op 2nd 2013 (9)}) 11... Qe7 12. a4 c5 (12... Na6 $11 {keeps the balance.}) 13. Nf1 Na6 14. Ng3 Nb4 15. Bb1 a6 16. a5 b5 17. axb6 Rfb8 18. Qd2 (18. g5 {seems wilder.} Ne8 19. Na4 h5 20. gxh6 Bf6 21. Qf3) 18... Rxb6 19. f3 {[%emt 0:04:16] White leaves nothing to chance now.} Rab8 20. h4 Bxg4 21. fxg4 $18 Nxg4 22. Bg5 f6 {[%emt 0:00:16] [#]} 23. Be3 h5 24. Qe2 Qf8 25. Bd2 Kh7 26. Nd1 Bh6 27. Bxh6 Qxh6 28. O-O Rf8 29. Ra3 Rb7 (29... Qg7 $142 30. Ne3 Nh6) 30. Nf2 Nxf2 31. Qxf2 (31. Kxf2 Qf4+ 32. Qf3 Qxh4 $14) 31... Rbf7 32. Rf3 Kh8 33. Qe3 Qxe3+ 34. Rxe3 Rb7 35. Ra3 Kg7 36. Rf2 Rfb8 37. Kf1 Rb6 38. Ke1 R6b7 39. Kd1 Rb6 40. Kc1 R6b7 41. Rff3 Rb6 42. Rfe3 R6b7 43. Reb3 Rb6 44. Bc2 Na2+ 45. Kd2 ({Weaker is} 45. Rxa2 Rxb3 46. Bxb3 Rxb3 $16) 45... Rxb3 46. Bxb3 Nb4 47. Bd1 Kf7 48. Be2 Ke7 49. Bf1 Rf8 50. Bh3 Rb8 (50... Kf7 $142 51. Be6+ Kg7) 51. Be6 Rb6 52. Nf1 Nc6 53. dxc6 {[%emt 0:01:50] [#] And now c7 would win.} Kxe6 {[%emt 0:00:08][%mdl 4096] Endgame KRN-KR} 54. Ne3 {[%emt 0:00:49] Hoping for c7.} Rxc6 55. Nd5 {[%emt 0:00:03] Dodges Rb6} Rc8 56. Rxa6 {[%emt 0:04:53] Ra7 would kill now.} Rf8 57. b4 {[%emt 0:00:00] Intending Ra7 and mate.} cxb4 58. c5 {[%emt 0:00:00][%cal Bc4c5,Bc5c6][%mdl 32] White mates.} Rd8 59. c6 f5 60. Kd3 fxe4+ 61. Kxe4 {[%emt 0:00:00] Weighted Error Value: White=0.07 (flawless) /Black=0.29 (precise)} 1-0

[Event "10th Floripa Open 2024"]
[Site "Florianopolis"]
[Date "2024.01.25"]
[Round "6.5"]
[White "Galego, Luis"]
[Black "Ticona Rocabado, Licael Roderick"]
[Result "1/2-1/2"]
[ECO "D45"]
[WhiteElo "2468"]
[BlackElo "2350"]
[Annotator "TA"]
[PlyCount "77"]
[EventDate "2024.01.10"]
[EventType "swiss"]
[EventCountry "BRA"]
[SourceTitle "playchess.com"]
[Source "ChessBase"]
[SourceQuality "1"]
[TimeControl "5400+30"]

1. d4 d5 2. c4 e6 3. Nf3 Nf6 4. Nc3 c6 5. e3 Bd6 6. Qc2 O-O 7. a3 Nbd7 8. b4 e5 9. cxd5 cxd5 10. Nb5 Bb8 {[%emt 0:00:09] The position is equal.} 11. dxe5 Nxe5 12. Nxe5 Bxe5 13. Bb2 Bf5 14. Qb3 Bxb2 15. Qxb2 Ne4 (15... Be4 $11) 16. Be2 $14 a6 17. Nd4 Qf6 18. O-O Rac8 19. Rac1 Nd6 20. Rc5 Be6 21. a4 Ne4 22. Rxc8 Rxc8 23. Bd3 Bd7 24. a5 Nd6 25. Rc1 Nc4 26. Qe2 Qd6 27. Qe1 (27. Bxc4 $2 Qxb4 28. Qa2 dxc4 $19 (28... Rxc4 29. Rb1 $17)) 27... Ne5 {[%emt 1:07:32] [#] aiming for ...Rxc1.} 28. Rxc8+ Bxc8 29. Qc3 Bd7 {[%emt 0:01:00] Threatens to win with ...Nxd3.} 30. Be2 Kf8 31. h3 Bc6 $2 (31... Nc6 $14) 32. Nb3 $2 (32. b5 $18 axb5 33. Nf5 (33. Bxb5 Bd7 $16) (33. Nxb5 Bxb5 34. Bxb5 Nc4 $16)) 32... Nd7 33. Qd4 {[%emt 0:01:00] White is more active.} Ba4 34. Nc1 Ne5 35. Nd3 Nc6 36. Qb6 {[%cal Od3c5] Nc5! is the strong threat.} Bb5 37. Qxb7 Ba4 $2 (37... Qb8 $14 38. Qxb8+ Nxb8) 38. Qb6 (38. Nc5 $142 Nd8 39. Qxa6 Qxa6 40. Bxa6) 38... Bb5 {[%emt 0:00:30] [#]} (38... Qb8 {is a better defense.} 39. Qxa6 Bb5) 39. Qb7 $2 {Weighted Error Value: White=0.29 (precise) /Black=0.43.  Loses game:     	---       	Black=2      Missed win:     	White=1     	---        Mistake:       	White=1     	Black=2      Inaccurate:     	White=1     	Black=2      OK:         	White=16    	Black=8      Best:        	White=1     	Black=2} (39. Ne5 $1 $18 Ke7 40. Nxc6+ (40. Bxb5 Nxe5 41. Qb7+ Ke6 $18) 40... Bxc6 41. Qxa6 (41. Bxa6 Ba4 $18) 41... Qxb4 42. Qxc6 Qxa5 43. Qb7+ Kf8 44. Qb8+ Ke7 45. Qe5+ Kf8 46. Qd6+ Ke8 47. Bf3) 1/2-1/2

[Event "10th Floripa Open 2024"]
[Site "Florianopolis"]
[Date "2024.01.25"]
[Round "6.6"]
[White "Umetsubo, Cesar Hidemitsu"]
[Black "Flores Quillas, Diego Saul Rodri"]
[Result "1/2-1/2"]
[ECO "E34"]
[WhiteElo "2349"]
[BlackElo "2429"]
[Annotator "TA"]
[PlyCount "95"]
[EventDate "2024.01.10"]
[EventType "swiss"]
[EventCountry "BRA"]
[SourceTitle "playchess.com"]
[Source "ChessBase"]
[SourceQuality "1"]
[TimeControl "5400+30"]

1. d4 Nf6 2. c4 e6 3. Nc3 Bb4 4. Qc2 d5 5. cxd5 Qxd5 6. Nf3 O-O 7. Bd2 {[%emt 0:11:36] E34: Nimzo-Indian: Classical: 4...d5.} Bxc3 8. Bxc3 b6 9. g3 {[%emt 0:01:02] White has an edge.} Bb7 10. Bg2 Qh5 {[%emt 0:01:32] [#]} 11. Nh4 $146 ({Predecessor:} 11. O-O Be4 12. Qd2 Nbd7 13. Rac1 Rac8 14. b3 Rfd8 15. Rfd1 h6 16. Bb2 Qb5 17. Qe3 {0-1 Moreno Ruiz,J (2486)-Almagro Llamas,P (2500) Madrid-ch final 2014 (4)}) 11... Bxg2 12. Nxg2 Nbd7 13. Nf4 Qf5 14. Qxf5 exf5 15. f3 Rfe8 16. Kf2 Rac8 17. Rac1 c6 18. Rc2 Nf8 19. Nd3 Ne6 20. e3 c5 21. dxc5 Nxc5 22. Nxc5 Rxc5 23. Rcc1 Rec8 {[%emt 0:02:20] The position is equal.} 24. Bd2 Rc2 25. Ke2 h5 26. h4 Nd7 27. Rxc2 Rxc2 $11 {[%emt 0:00:18][%mdl 4096] Endgame KRB-KRN} 28. Rb1 f6 29. Kd3 Rc6 30. Rc1 Rxc1 31. Bxc1 {[%emt 0:00:01] KB-KN} Kf7 32. b3 Ke6 33. Bb2 Ne5+ 34. Bxe5 Kxe5 {[%emt 0:00:04] KP-KP} 35. Kc4 g5 36. Kd3 Kd5 37. Kd2 f4 38. gxf4 ({But not} 38. exf4 gxh4 39. gxh4 Kd4 $17) 38... gxf4 (38... gxh4 $2 39. Ke1 Ke6 40. e4 $18) 39. Kd3 (39. exf4 Kd4 40. f5 a6 $19) 39... fxe3 40. Kxe3 {[%emt 0:04:45] Black must now prevent Kf4.} Ke5 41. f4+ $1 Kd5 42. Kd3 b5 43. Ke3 a5 (43... b4 $5) 44. Kd3 a4 (44... b4 $5) 45. Ke3 axb3 (45... f5 $5) 46. axb3 b4 (46... f5 $5) 47. Kd3 f5 48. Ke3 {[%emt 0:00:00] Weighted Error Value: White=0.03 (flawless) /Black=0.02 (flawless)} 1/2-1/2

[Event "10th Floripa Open 2024"]
[Site "Florianopolis"]
[Date "2024.01.25"]
[Round "6.7"]
[White "Filgueiras, Nathan Felipe"]
[Black "Do Valle Cardoso, Lucas"]
[Result "1/2-1/2"]
[ECO "A29"]
[WhiteElo "2321"]
[BlackElo "2392"]
[Annotator "TA"]
[PlyCount "70"]
[EventDate "2024.01.10"]
[EventType "swiss"]
[EventCountry "BRA"]
[SourceTitle "playchess.com"]
[Source "ChessBase"]
[SourceQuality "1"]
[TimeControl "5400+30"]

1. c4 e5 2. Nc3 Nf6 3. Nf3 Nc6 4. g3 d5 5. cxd5 Nxd5 6. Bg2 Nf6 {[%emt 0:00:26] [#]} 7. b4 $1 Bd6 8. b5 Nd4 {[%emt 0:00:16] The position is equal.} 9. O-O a6 10. Bb2 O-O 11. e3 (11. a4 $11) 11... Nxf3+ 12. Bxf3 Re8 13. Qc2 axb5 14. Nxb5 c6 15. Nxd6 Qxd6 16. Bg2 Be6 17. f4 Nd7 (17... Bxa2 $2 {perishes.} 18. fxe5 (18. Bxe5 Qe6 $16) 18... Qd7 19. exf6 $18) 18. a4 {[%emt 0:11:47] [#] f5 is the strong threat.} f6 19. Be4 h6 20. Bh7+ Kh8 21. Bg6 Rec8 22. d4 exf4 23. Rxf4 c5 24. Qf2 cxd4 25. Rxd4 Qc5 26. Rad1 Qg5 27. Be4 {[%emt 0:01:11] This pair of bishops is nice.} Nc5 28. Bc2 Bb3 29. Bxb3 (29. h4 $5 Qh5 $8 30. Bxb3 Nxb3 31. Rd6 $11) 29... Nxb3 30. Rf4 Rd8 31. Qf3 Qg6 32. e4 (32. Rxd8+ Rxd8 33. Bxf6 Nd2 (33... gxf6 34. Rxf6 Nd2 35. Qf4 $11) 34. Qxb7 gxf6) 32... Rxd1+ 33. Qxd1 Nc5 34. Qd5 Rc8 35. a5 Rc6 {[%emt 0:07:16] Weighted Error Value: White=0.12 (very precise) /Black=0.10 (very precise) .  Mistake:       	White=1     	---        Inaccurate:     	White=3     	Black=2      OK:         	White=13    	Black=12     Best:        	---       	Black=1} 1/2-1/2

[Event "10th Floripa Open 2024"]
[Site "Florianopolis"]
[Date "2024.01.25"]
[Round "6.8"]
[White "Perez Gormaz, Matias"]
[Black "Ribeiro, Matheus Mendes Domin"]
[Result "1/2-1/2"]
[ECO "A06"]
[WhiteElo "2388"]
[BlackElo "2130"]
[Annotator "RC"]
[PlyCount "149"]
[EventDate "2024.01.10"]
[EventType "swiss"]
[EventCountry "BRA"]
[SourceTitle "playchess.com"]
[Source "ChessBase"]
[SourceQuality "1"]
[TimeControl "5400+30"]

1. Nf3 d5 2. e3 Nf6 3. b3 c5 4. Bb2 g6 5. c4 Bg7 6. cxd5 O-O 7. Bxf6 Bxf6 8. Nc3 e6 9. dxe6 Bxe6 10. Rc1 Nc6 11. Ne4 b6 12. Nxf6+ Qxf6 13. Be2 Rad8 14. O-O Rd6 15. Qc2 Nb4 16. Qb1 Bg4 17. a3 Bxf3 18. Bxf3 Nd3 19. Rc2 Rfd8 20. Be2 Qe6 21. f4 a5 22. Rc3 Qd7 23. Rd1 Qf5 24. Qc2 Qe4 25. Rb1 Kg7 26. Kf1 Kf8 27. Rb2 h5 28. Bxd3 Rxd3 29. Rxd3 Qxd3+ 30. Qxd3 Rxd3 31. Ke2 Rd6 32. Rc2 Ke7 33. Rc4 Ke6 34. Re4+ Kd7 35. d3 b5 36. Re5 Rc6 37. Kd2 f6 38. Rd5+ Ke6 39. Rd8 c4 40. bxc4 bxc4 41. Ra8 cxd3 42. Kxd3 Rd6+ 43. Ke4 f5+ 44. Kf3 Rd5 45. Ra6+ Kf7 46. g3 Rc5 47. a4 Kg7 48. Kg2 Rd5 49. Kf3 Rc5 50. h3 Kf7 51. g4 fxg4+ 52. hxg4 g5 53. f5 Re5 54. Ra7+ Kf6 55. Ra6+ Kf7 56. e4 hxg4+ 57. Ke3 Rc5 58. Ra7+ Kf6 59. Ra6+ Kf7 60. Rg6 Rc3+ 61. Kd4 Ra3 62. Rxg5 Rxa4+ 63. Ke5 Rb4 64. Rxg4 Rb5+ 65. Kf4 a4 66. Rg2 a3 67. e5 Ra5 68. Ra2 Ra8 69. Kg5 Rg8+ 70. Kf4 Ra8 71. Kg5 Rg8+ 72. Kf4 Ra8 73. Ke4 Ra4+ 74. Kf3 Ra5 75. Kf4 1/2-1/2

[Event "10th Floripa Open 2024"]
[Site "Florianopolis"]
[Date "2024.01.25"]
[Round "6.9"]
[White "Perdomo, Leandro"]
[Black "Soriano Quispe, Ivan Excender"]
[Result "1/2-1/2"]
[ECO "D36"]
[WhiteElo "2382"]
[BlackElo "2271"]
[Annotator "RC"]
[PlyCount "62"]
[EventDate "2024.01.10"]
[EventType "swiss"]
[EventCountry "BRA"]
[SourceTitle "playchess.com"]
[Source "ChessBase"]
[SourceQuality "1"]
[TimeControl "5400+30"]

1. d4 d5 2. c4 e6 3. Nc3 c6 4. Nf3 Nf6 5. cxd5 exd5 6. Qc2 Be7 7. Bg5 g6 8. e4 dxe4 9. Bxf6 Bxf6 10. Qxe4+ Qe7 11. Bc4 Bf5 12. Qxe7+ Kxe7 13. O-O-O Nd7 14. h3 h5 15. Rhe1+ Kf8 16. Ne4 Bxe4 17. Rxe4 Nb6 18. Bb3 Kg7 19. Ne5 Nd5 20. Bxd5 cxd5 21. Re2 Rae8 22. Rde1 Re6 23. Nf3 Rc8+ 24. Kb1 Rec6 25. Ne5 Re6 26. Nf3 Rb6 27. Rc2 Rxc2 28. Kxc2 Rb4 29. Kc3 Rc4+ 30. Kd3 Rc8 31. g4 hxg4 1/2-1/2

[Event "10th Floripa Open 2024"]
[Site "Florianopolis"]
[Date "2024.01.25"]
[Round "6.10"]
[White "Federzoni, Enzo"]
[Black "Salinas Herrera, Pablo"]
[Result "0-1"]
[ECO "B81"]
[WhiteElo "2170"]
[BlackElo "2477"]
[Annotator "TA"]
[PlyCount "90"]
[EventDate "2024.01.10"]
[EventType "swiss"]
[EventCountry "BRA"]
[SourceTitle "playchess.com"]
[Source "ChessBase"]
[SourceQuality "1"]
[TimeControl "5400+30"]

1. e4 c5 2. Nf3 e6 3. d4 cxd4 4. Nxd4 Nf6 5. Nc3 d6 6. g4 h6 7. Rg1 a6 8. h4 Nfd7 9. g5 hxg5 10. Bxg5 Qb6 11. Rg3 {[%emt 0:16:14] White is slightly better.} Nc6 12. Nb3 Qc7 13. Qd2 b5 14. a3 Nb6 15. Nd4 (15. O-O-O $142) 15... Nxd4 16. Qxd4 Bd7 17. O-O-O Rc8 18. Be2 Nc4 19. h5 Qc5 {[%emt 0:01:15] [#]} 20. h6 Qxd4 $15 21. Rxd4 g6 (21... gxh6 $2 {perishes.} 22. Bf6 Rh7 23. Rg8 $18) 22. Bxc4 bxc4 23. Rg1 Rc6 24. Rh1 f5 {[%emt 0:02:03] Black is weak on the dark squares} 25. exf5 (25. h7 {seems wilder.} Bg7 26. Rdd1 Bc8 27. f3) 25... gxf5 26. Rdh4 Rh7 27. Ne2 Kf7 28. Nd4 Rc8 29. Bd2 {[%emt 0:00:00] [#]} (29. f4 $11) 29... Be7 $1 $17 30. Rh5 Rg8 {[%emt 0:01:00][%cal Of5f4] Against Rg1} 31. Re1 Rg4 32. c3 (32. Nf3 $17) 32... Bf6 (32... Kg6 $19 33. Rhh1 e5) 33. f4 (33. Nf3 $17) 33... Rg6 34. Reh1 Bc8 35. Kd1 (35. Be3 $142) 35... Bb7 $19 36. R1h3 Bg2 37. Re3 Be4 ({Don't play} 37... Rhxh6 38. Rxh6 Rxh6 39. Rxe6 $17) 38. Reh3 Be7 {[%emt 0:02:21] A strong pair of Bishops.} 39. Be1 Bf8 40. Ke2 Rgxh6 ({Not} 40... Bxh6 41. Bf2 $11) 41. R5h4 (41. Rxh6 Rxh6 (41... Bxh6 $2 42. Bd2 $19) 42. Rxh6 Bxh6 43. Bd2) 41... Rxh4 {[%emt 0:00:18] Black is clearly winning.} 42. Rxh4 Rxh4 43. Bxh4 e5 44. Nf3 Bxf3+ (44... exf4 $2 45. Be1 $19) 45. Kxf3 Bh6 {[%emt 0:00:08] Weighted Error Value: White=0.53/Black=0.11 (very precise) .  Mistake:       	White=7     	Black=1      Inaccurate:     	White=5     	Black=2      OK:         	White=12    	Black=12     Best:        	White=2     	Black=4      Strong:       	---       	Black=1} 0-1

[Event "10th Floripa Open 2024"]
[Site "Florianopolis"]
[Date "2024.01.26"]
[Round "7.1"]
[White "Tari, Aryan"]
[Black "Fier, Alexandr"]
[Result "1-0"]
[ECO "B30"]
[WhiteElo "2623"]
[BlackElo "2549"]
[Annotator "TA"]
[PlyCount "103"]
[EventDate "2024.01.10"]
[EventType "swiss"]
[EventCountry "BRA"]
[SourceTitle "playchess.com"]
[Source "ChessBase"]
[SourceQuality "1"]
[TimeControl "5400+30"]

1. e4 c5 2. Nf3 Nc6 3. Bb5 e6 4. O-O Nge7 5. d4 cxd4 6. Nxd4 Ng6 7. Be3 Be7 8. c3 O-O 9. a4 Nxd4 10. cxd4 d5 11. e5 Nh4 12. Nc3 Nf5 13. Ne2 Nxe3 14. fxe3 f6 15. Qc2 Bd7 16. Bd3 f5 17. g3 Rc8 18. Qb3 Qb6 19. Qxb6 axb6 20. h4 Bb4 21. Nf4 Kf7 22. g4 g6 23. h5 Rg8 24. Kf2 g5 25. Ne2 Ke7 26. Ng3 (26. Kg2 $16) 26... f4 (26... Rcf8 $1 $14) 27. Ne2 $16 f3 $2 (27... fxe3+ $16 28. Kxe3 h6) 28. Ng1 (28. Kxf3 Rgf8+ 29. Kg2 h6 $16) (28. Nc1 $142) 28... h6 $18 29. Nxf3 Ra8 30. b3 Rac8 31. Ke2 Rc3 32. Nd2 b5 (32... Be8 {was worth a try.} 33. Rf6 Rh8) 33. a5 (33. axb5 Rgc8 34. Ra4 Rxd3 35. Rxb4 Rcc3 $14) (33. Bxb5 Rc2 34. Rfd1 Rgc8 $11) 33... Rcc8 34. Rf6 Rh8 35. a6 bxa6 36. Rxa6 Ra8 37. Rxa8 Rxa8 38. Nf1 (38. Rxh6 Ra2 $18) 38... Rh8 39. Ng3 Bc3 40. Bc2 b4 41. Bd3 Bb2 42. Rg6 Kf7 (42... Kf8 $142 43. Kd2 Kf7) 43. Nf5 $18 exf5 44. gxf5 Be8 45. Rb6 Ke7 46. f6+ (46. Rxb4 Bxh5+ 47. Kf2 Kd7 $18) 46... Kd7 47. Bg6 ({Inferior is} 47. Rxb4 Kc7 $11 (47... Bxh5+ 48. Kf2 $16)) 47... Kc7 48. Re6 ({And not} 48. Rxb4 Ba3 49. Bxe8 (49. f7 $2 Bd7 $19) 49... Bxb4 $15) 48... Bb5+ 49. Bd3 Bxd3+ 50. Kxd3 Rh7 51. Ra6 Kb7 52. e6 1-0

[Event "10th Floripa Open 2024"]
[Site "Florianopolis"]
[Date "2024.01.26"]
[Round "7.2"]
[White "El Debs, Felipe de Cresce"]
[Black "Cuenca Jimenez, Jose Fernando"]
[Result "1/2-1/2"]
[ECO "D31"]
[WhiteElo "2527"]
[BlackElo "2514"]
[Annotator "RC"]
[PlyCount "134"]
[EventDate "2024.01.10"]
[EventType "swiss"]
[EventCountry "BRA"]
[SourceTitle "playchess.com"]
[Source "ChessBase"]
[SourceQuality "1"]
[TimeControl "5400+30"]

1. d4 d5 2. c4 e6 3. Nc3 Be7 4. cxd5 exd5 5. Bf4 c6 6. e3 Bf5 7. g4 Be6 8. Be2 Nd7 9. h4 Nb6 10. h5 h6 11. f3 Bd6 12. Bd3 Bxf4 13. exf4 Qd6 14. Nge2 Ne7 15. Qc2 f6 16. O-O-O Nd7 17. Kb1 O-O 18. Rde1 Rae8 19. Bh7+ Kh8 20. Bg6 Bf7 21. f5 Nc8 22. Qc1 Kg8 23. Nf4 Rxe1 24. Rxe1 Rd8 25. Bxf7+ Kxf7 26. Re6 Qb8 27. Qe3 Nf8 28. Ng6 Qc7 29. Ne2 Kg8 30. Nxf8 Kxf8 31. Nf4 Qd7 32. Nd3 b6 33. Nf4 Kf7 34. a3 Nd6 35. Ka2 Nb5 36. a4 Nc7 37. Qa3 c5 38. dxc5 bxc5 39. Re1 Re8 40. Rxe8 Qxe8 41. Ne6 Nxe6 42. fxe6+ Kxe6 43. Qe3+ Kf7 44. Qxc5 Qxa4+ 45. Kb1 Qd1+ 46. Ka2 Qa4+ 47. Kb1 Qd7 48. Qd4 a6 49. Qb6 Qe6 50. Qa7+ Kg8 51. Qd4 Qe1+ 52. Ka2 Qa5+ 53. Kb3 Qb5+ 54. Kc3 a5 55. b3 Qc6+ 56. Kb2 Qe6 57. Qd3 Qe5+ 58. Kc2 Qc7+ 59. Kd1 Qc5 60. Qf5 Qc6 61. Kd2 Kf7 62. Qg6+ Kf8 63. Qf5 Qb5 64. Qc8+ Kf7 65. Qc7+ Kg8 66. Qc8+ Kf7 67. Qc7+ Kg8 1/2-1/2